 Dungeon Crawl Stone Soup version 0.27-a0-242-ge0fc76b88b (webtiles) character file.

Game seed: 2402954380904919899

73 puppykicker the Ruffian (level 4, 0/44 HPs)
             Began as an Ogre Transmuter on Feb 2, 2021.
             Succumbed to an adder's poison
             ... on level 3 of the Dungeon.
             The game lasted 00:05:39 (2204 turns).

puppykicker the Ruffian (Ogre Transmuter)           Turns: 2204, Time: 00:05:40

Health: 0/44       AC:  3    Str: 12 (15) XL:     4   Next: 27%
Magic:  7/8        EV: 10    Int: 13 (14) God:
Gold:   132        SH:  0    Dex:  8 (9)  Spells: 2/8 levels left

rFire    + . .     SeeInvis .     - Unarmed
rCold    + . .     Faith    .   (no shield)
rNeg     . . .     Spirit   .   a - +0 robe
rPois    +         Reflect  .   (helmet restricted)
rElec    +         Harm     .   (no cloak)
rCorr    +         Rampage  .   (gloves unavailable)
Will     .....                  (boots unavailable)
Stlth    +.........             (no amulet)
HPRegen  0.14/turn              (no ring)
MPRegen  0.11/turn              (no ring)

@: mighty, lethally poisoned (0 -> -1), resistant, berserk cooldown, flying,
hasted and slowed
A: large, unfitting armour, tough skin 1
a: no special abilities


You were on level 3 of the Dungeon.
You visited 1 branch of the dungeon, and saw 3 of its levels.

You collected 132 gold pieces.

Inventory:

Armour
 a - a +0 robe (worn)
Scrolls
 b - a scroll of noise {unknown}
 d - 3 scrolls of identify {unknown}
 g - 3 scrolls of remove curse
 k - 4 scrolls of teleportation {unknown}
 l - a scroll of fear {unknown}
Potions
 e - a potion of degeneration {!q}
 h - a potion of resistance


   Skills:
 + Level 2.4 Fighting
 - Level 2.0 Dodging
 * Level 3.4 Unarmed Combat
 + Level 2.9 Spellcasting
 + Level 2.3 Transmutations
 + Level 0.6 Poison Magic


You had 2 spell levels left.
You knew the following spells:

 Your Spells              Type           Power        Failure   Level
a - Beastly Appendage     Tmut           14%          9%          1
c - Spider Form           Tmut/Pois      2%           36%         3
w - Wereblood             Tmut           7%           14%         2

Your spell library contained the following spells:

 Spells                   Type           Power        Failure   Level
 Ice Form                 Ice/Tmut       4%           82%         4
 Blade Hands              Tmut           3%           94%         5


Dungeon Overview and Level Annotations

Branches:
Dungeon (3/15)

Altars:


Innate Abilities, Weirdness & Mutations

You are too large for most types of armour.
You have tough skin. (AC +1)


Message History

It was a potion of flight.
You feel very buoyant.
You fly up into the air.
It was a potion of might.
You feel very mighty all of a sudden.
* * * LOW HITPOINT WARNING * * *
You feel sick.
You take 1 damage, and have 2/44 hp.
Your primal bloodlust has ended.
Things that are here:
a +0 club; a hobgoblin corpse Unknown command.
* * * LOW HITPOINT WARNING * * *
You feel sick.
You take 1 damage, and have 1/44 hp.
* * * LOW HITPOINT WARNING * * *
You feel sick.
You take 1 damage, and have 1/44 hp.
Okay, then.
You die...

..## #. .... #. #..##
#. #..## #. #...## #.
#...### ######.
#######.....###...#..
#...@.......).......#
#.[!.......###....##.
#..........# ##...#..
#..........# #.....#
#.......^)!.# #####.#
#...........# #..
#............# #.#
############.. #.# #.


There were no monsters in sight!

Levels and vault maps discovered:
D:1:      lightli_iron_boxes, layout_basic
D:2:      layout_basic
D:3:      layout_rooms

Notes
Turn   | Place    | Note
-------+----------+-------------------------------------------
     0 | D:1      | puppykicker the Ogre Transmuter began the quest for the
                  | Orb.
     0 | D:1      | Reached XP level 1. HP: 19/19 MP: 3/3
   460 | D:2      | Reached XP level 2. HP: 24/28 MP: 2/5
   473 | D:2      | Learned a level 2 spell: Wereblood
   710 | D:2      | Reached skill level 2 in Transmutations
   751 | D:2      | Reached skill level 2 in Fighting
   751 | D:2      | Reached skill level 2 in Dodging
   751 | D:2      | Reached skill level 3 in Unarmed Combat
  1048 | D:2      | Identified a +0 dagger
  1048 | D:2      | Identified a +0 hunting sling
  1057 | D:2      | Identified 4 scrolls of remove curse
  1062 | D:2      | Reached XP level 3. HP: 31/35 MP: 4/6
  1066 | D:2      | Learned a level 3 spell: Spider Form
  1386 | D:2      | HP: 8/35 [poisoned by an adder]
  1394 | D:2      | HP: 7/35 [poisoned by an adder]
  2109 | D:3      | Identified a +0 dagger
  2109 | D:3      | Identified a +0 club
  2111 | D:3      | Identified a +0 club
  2167 | D:3      | Identified a +0 club
  2176 | D:3      | Identified 2 potions of degeneration
  2177 | D:3      | Identified 2 potions of resistance
  2178 | D:3      | Identified a potion of haste
  2178 | D:3      | HP: 9/36 [poisoned by an adder]
  2179 | D:3      | Identified a potion of berserk rage
  2183 | D:3      | Reached XP level 4. HP: 9/44 MP: 5/8
  2183 | D:3      | HP: 8/66 [adder (2)]
  2189 | D:3      | HP: 5/66 [poisoned by an adder]
  2193 | D:3      | Identified a potion of flight
  2194 | D:3      | Identified a potion of might
  2194 | D:3      | HP: 2/44 [poisoned by an adder]
  2200 | D:3      | HP: 1/44 [poisoned by an adder]
  2204 | D:3      | Succumbed to an adder's poison

Table legend: (Time is in decaauts)
 A = Elapsed time spent in this place.
 B = Non-inter-level travel time spent in this place.
 C = Inter-level travel time spent in this place.
 D = Time resting spent in this place.
 E = Time spent auto-exploring this place.
 F = Levels seen in this place.
 G = Mean time per level.
                   A        B        C        D        E       F      G
               +--------+--------+--------+--------+--------+-----+--------+
         Total |   2194 |   2126 |     68 |    868 |   1038 |   3 |  731.3 |
       Dungeon |   2194 |   2126 |     68 |    868 |   1038 |   3 |  731.3 |
               +--------+--------+--------+--------+--------+-----+--------+

Top non-repeatable levels by time:
     D:2: 1666 daAuts
     D:1: 438 daAuts
     D:3: 89 daAuts

Table legend:
 A = Kills in this place as a percentage of kills in entire the game.
 B = Kills by you in this place as a percentage of kills by you in the entire game.
 C = Kills by friends in this place as a percentage of kills by friends in the entire game.
 D = Other kills in this place as a percentage of other kills in the entire game.
 E = Experience gained in this place as a percentage of experience gained in the entire game.
 F = Experience gained in this place divided by the number of levels of this place that you have seen.
                   A       B       C       D       E      F
               +-------+-------+-------+-------+-------+----------------------
         Total | 100.0 | 100.0 |   N/A |   N/A | 100.0 |  35.0
       Dungeon | 100.0 | 100.0 |   N/A |   N/A | 100.0 |  35.0
               +-------+-------+-------+-------+-------+----------------------

Skill      XL: |  1  2 |
---------------+-------+-----
Transmutations | 2 |  2.3
Fighting       | 2 |  2.4
Dodging        | 2 |  2.0
Unarmed Combat | 3 |  3.4
Spellcasting   | |  2.9
Poison Magic   | |  0.6

Action                   |  1- 3 |  4- 6 || total
-------------------------+-------+-------++-------
Melee: Unarmed           |    93 |     4 ||    97
       Kick              |    11 |       ||    11
       Headbutt          |    10 |       ||    10
 Cast: Beastly Appendage |    16 |       ||    16
       Wereblood         |     2 |       ||     2
  Use: Scroll            |     1 |       ||     1
       Potion            |     4 |     2 ||     6
Armor: Robe              |    23 |       ||    23
Dodge: Dodged            |    34 |       ||    34

Vanquished Creatures
  5 adders
  A dart slug (D:2)
  A leopard gecko (D:2)
  A giant cockroach (D:2)
  6 goblins
  2 hobgoblins
  2 jackals (D:2)
  A bat (D:1)
  2 frilled lizards (D:2)
  3 kobolds
  3 rats
27 creatures vanquished.
